 Dungeon Crawl Stone Soup version 0.29.1-1-gd02db6906a (webtiles) character file.

Game seed: 18058970246454400361

293 tardwrangler69 the Digger (level 6, -2/36 HPs)
             Began as an Octopode Earth Elementalist on Oct 5, 2022.
             Succumbed to an orc wizard's poison
             ... on level 3 of the Dungeon.
             The game lasted 00:01:33 (3089 turns).

tardwrangler69 the Digger (OpEE)                    Turns: 3089, Time: 00:01:33

Health: -2/36      AC:  1    Str:  8    XL:     6   Next: 33%
Magic:  8/12       EV: 13    Int: 19    God:
Gold:   102        SH:  0    Dex: 12    Spells: 12/13 levels left

rFire   . . .      SeeInvis .   (no weapon)
rCold   . . .      Faith    .   (no shield)
rNeg    . . .      Spirit   .   (helmet restricted)
rPois   .          Reflect  .   (no amulet)
rElec   .          Harm     .   (no ring)
rCorr   .          Rampage  .   (no ring)
Will    .....                   (no ring)
Stlth   +++.......              (no ring)
HPRegen 0.12/turn               (no ring)
MPRegen 0.13/turn               (no ring)
                                (no ring)
                                (no ring)

@: lethally poisoned (-2 -> -16)
A: almost no armour, amphibious, 8 rings, camouflage 1, gelatinous body 1,
(nimble swimmer 1), tentacles
a: no special abilities


You were on level 3 of the Dungeon.
You visited 1 branch of the dungeon, and saw 3 of its levels.

You collected 102 gold pieces.

Inventory:

Missiles
 k - 2 throwing nets
Scrolls
 b - a scroll of fear {unknown}
 d - a scroll of vulnerability {unknown}
 e - 2 scrolls of brand weapon {unknown}
 f - a scroll of teleportation {unknown}
 h - a scroll of butterflies {unknown}
 i - a scroll of identify {unknown}
Potions
 a - a potion of magic
 c - 2 potions of curing {unknown}
 g - a potion of haste {unknown}
 j - a potion of berserk rage {unknown}


   Skills:
 - Level 2.0 Dodging
 - Level 2.6 Stealth
 + Level 4.4 Spellcasting
 - Level 1.0 Transmutations
 + Level 5.3 Earth Magic


You had 12 spell levels left.
You knew the following spells:

 Your Spells              Type           Power      Damage    Failure   Level
a - Sandblast             Erth           48%        2d12      1%          1

Your spell library contained the following spells:

 Spells                   Type           Power      Damage    Failure   Level
 Passwall                 Tmut/Erth      13%        N/A       5%          2
 Stone Arrow              Conj/Erth      28%        3d8       13%         3
 Petrify                  Tmut/Erth      16%        N/A       34%         4


Dungeon Overview and Level Annotations

Branches:
Dungeon (3/15)

Altars:


Innate Abilities, Weirdness & Mutations

You cannot wear most types of armour.
You are amphibious.
You can wear up to eight rings at the same time.
Your skin changes colour to match your surroundings (Stealth+).
Your rubbery body absorbs attacks. (AC +1, EV +1)
((You are camouflaged when in or above water. (Stealth+)))
You have tentacles for arms and can constrict up to eight enemies at once.


Message History

The blast of sand hits the ball python.
You kill the ball python!
The orc closely misses you.
You tentacle-slap the orc. You grab the orc. You squeeze the orc.
The orc is moderately wounded.
You constrict the orc. The orc misses you.
Casting: Sandblast (safe; 1% risk of failure)
Confirm with . or Enter, or press ? or * to list all spells.
Aiming: Sandblast (safe; 1% risk of failure)
Press: ? - help, Shift-Dir - straight line, f - orc wizard
Aim: an orc wizard, wielding a +2 dagger of venom and wearing a +0 robe (79% to hit)
The blast of sand hits the orc wizard.
The orc wizard is heavily wounded.
You constrict the orc. The orc wizard barely misses you.
The orc closely misses you. The orc wizard closely misses you.
The orc closely misses you.
You barely miss the orc.
The orc is severely wounded.
You constrict the orc.
You kill the orc!
The orc wizard hits you with a +2 dagger of venom.
You are poisoned.
Casting: Sandblast (safe; 1% risk of failure)
Confirm with . or Enter, or press ? or * to list all spells.
Aiming: Sandblast (safe; 1% risk of failure)
Press: ? - help, Shift-Dir - straight line, f/p - orc wizard
Aim: an orc wizard, wielding a +2 dagger of venom and wearing a +0 robe (moderately wounded, 79% to hit)
The blast of sand hits the orc wizard.
The orc wizard is heavily wounded.
You feel very sick.
The orc wizard hits you with a +2 dagger of venom.
You are lethally poisoned!
The orc hits you with a +0 whip!
* * * LOW HITPOINT WARNING * * *
* * * LOW HITPOINT WARNING * * *
You feel very sick.
The orc wizard attacks as you move away!
The orc wizard hits you with a +2 dagger of venom.
* * * LOW HITPOINT WARNING * * *
You die...

..... ....## #....
#.... #..).
.##..!)### ......oo.#
#.#######.# ########
#. .....#@# #......#
#. #...#.# #<.....#
#. #.†.#.# #......#
..####..##...#.#
#......#
.............#
#......#
#).####.######......#
#....<..............#
#####.......###.#####
#..............#


You could see an orc wizard.

Vanquished Creatures
  Sigmund (D:2)
  3 gnolls (D:2)
  3 adders (D:2)
  A worm (D:2)
  2 dart slugs (D:1)
  2 orcs (D:3)
  4 ball pythons
  5 endoplasms
  2 giant cockroaches (D:1)
  6 goblins
  4 hobgoblins
  3 jackals (D:2)
  5 quokkas
  4 bats
  2 frilled lizards
  6 kobolds
  3 rats
56 creatures vanquished.

Notes
Turn   | Place    | Note
-------+----------+-------------------------------------------
     0 | D:1      | tardwrangler69 the Octopode Earth Elementalist began the
                  | quest for the Orb.
     0 | D:1      | Reached XP level 1. HP: 11/11 MP: 3/3
   171 | D:1      | Reached XP level 2. HP: 17/17 MP: 0/5
   910 | D:1      | Reached XP level 3. HP: 20/21 MP: 3/6
  1188 | D:2      | Found a faded altar of an unknown god.
  1845 | D:2      | Reached skill level 4 in Earth Magic
  1845 | D:2      | Reached XP level 4. HP: 21/27 MP: 4/8
  1989 | D:2      | Noticed Sigmund
  2005 | D:2      | Killed Sigmund
  2006 | D:2      | Reached skill level 5 in Earth Magic
  2006 | D:2      | Reached XP level 5. HP: 15/31 MP: 4/11
  2006 | D:2      | Reached XP level 6. HP: 17/36 MP: 4/12
  2329 | D:2      | HP: 1/36 [gnoll/+0 spear (6)]
  3089 | D:3      | HP: 1/36 [orc wizard/+2 dagger of venom (1)]
  3089 | D:3      | Succumbed to an orc wizard's poison

Illustrated notes

Levels and vault maps discovered:
D:1:      amcnicky_arrival_flooded_fountain, layout_basic
D:2:      layout_basic, hellmonk_ecumenical_altar_zigzags,
          minmay_close_crescents, uniq_sigmund
D:3:      layout_basic, mainiacjoe_overflow_chevrons, serial_curves,
          eino_curves_01, eino_curves_03

Skill      XL: |  1  2  3  4 |
---------------+-------------+-----
Spellcasting   | 3 4 |  4.4
Earth Magic    | 4 5 |  5.3
Dodging        | |  2.0
Stealth        | |  2.6
Transmutations | |  1.0

Action                   |  1- 3 |  4- 6 || total
-------------------------+-------+-------++-------
Melee: Unarmed           |    17 |     3 ||    20
       Constrict         |     6 |     1 ||     7
       Tentacles         |     2 |     1 ||     3
 Cast: Sandblast         |    41 |    33 ||    74
Dodge: Dodged            |    27 |    17 ||    44
